 Dungeon Crawl Stone Soup version 0.30-a0-1018-g25214051b3 (webtiles) character file.

Game seed: 16976729523932867291

135 Mesmaeker13 the Insei (level 5, -1/42 HPs)
             Began as an Octopode Transmuter on Apr 7, 2023.
             Slain by a sky beast (4 damage)
             ... on level 5 of the Dungeon.
             The game lasted 00:04:18 (2454 turns).

Mesmaeker13 the Insei (Octopode Transmuter)         Turns: 2454, Time: 00:04:18

Health: -1/42      AC:  5    Str: 10    XL:     5   Next: 18%
Magic:  4/8        EV: 10    Int: 17    God:
Gold:   86         SH:  0    Dex: 12    Spells: 1/8 levels left

rFire   x . .      SeeInvis .      - Unarmed
rCold   + + +      Faith    .    (shield currently unavailable)
rNeg    . . .      Spirit   .    (helmet currently unavailable)
rPois   +          Reflect  .    (no amulet)
rElec   .          Rampage  .    (no ring)
rCorr   .                        (no ring)
Will    .....                    (no ring)
Stlth   +                        (no ring)
HPRegen 0.27/turn                (no ring)
MPRegen 0.11/turn                (no ring)
                                 (no ring)
                                 (no ring)

@: ice-form
A: freezing attack, boosted hp, almost no armour, amphibious, 8 rings, large,
(camouflage 1), (gelatinous body 1), (nimble swimmer 1), (tentacles)
a: End Transformation


You were on level 5 of the Dungeon.
You were a creature of crystalline ice.
You visited 1 branch of the dungeon, and saw 5 of its levels.

You collected 86 gold pieces.

Inventory:

Hand Weapons
 m - a +1 dagger of holy wrath
 q - a +0 vampiric falchion
Missiles
 h - a throwing net (quivered)
Scrolls
 c - a scroll of amnesia {unknown}
 f - a scroll of fog
 g - a scroll of immolation {unknown}
 j - a scroll of teleportation {unknown}
 n - a scroll of silence {unknown}
 o - a scroll of magic mapping {unknown}
 r - a scroll of vulnerability {unknown}
 s - a scroll of blinking {unknown}
Potions
 a - 2 potions of lignification
 b - a potion of brilliance {unknown}
 d - a potion of flight {unknown}
 e - 3 potions of curing
 i - a potion of haste {unknown}
 k - a potion of degeneration {unknown}
 l - 2 potions of mutation {unknown}
 p - a potion of might {unknown}


   Skills:
 + Level 2.7 Fighting
 - Level 2.0 Dodging
 + Level 4.1 Unarmed Combat
 - Level 2.0 Spellcasting
 + Level 3.3 Transmutations
 + Level 0.2 Ice Magic


You had one spell level left.
You knew the following spells:

 Your Spells              Type           Power      Damage    Failure   Level
a - Beastly Appendage     Tmut           26%        N/A       4%          1
b - Wereblood             Tmut           13%        N/A       8%          2
c - Ice Form              Ice/Tmut       7%         N/A       67%         4

Your spell library contained the following spells:

 Spells                   Type           Power      Damage    Failure   Level
 Sting                    Tmut/Pois      28%        1d4       10%         1
 Poisonous Vapours        Pois/Air       2%         N/A       28%         2
 Spider Form              Tmut/Pois      7%         N/A       28%         3
 Olgreb's Toxic Radiance  Pois           1%         N/A       88%         4
 Summon Forest            Summ/Tloc      0%         N/A       99%         5
 Eringya's Noxious Bog    Tmut/Pois      3%         N/A       100%        6
 Summon Hydra             Summ           0%         N/A       100%        7


Dungeon Overview and Level Annotations

Branches:
Dungeon (5/15)
 Temple: D:4-7

Altars:
The Shining One

Shops:
D:3 [

Annotations:
D:2 Natasha


Innate Abilities, Weirdness & Mutations

You are a creature of crystalline ice.
You have a powerful freezing melee attack.
Your maximum health is increased.
Your armour is entirely melded.
You are incapable of wielding weapons or throwing items.
You cannot wear most types of armour.
You are amphibious.
You can wear up to eight rings at the same time.
((Your skin changes colour to match your surroundings (Stealth+).))
((Your rubbery body absorbs attacks. (AC +1, EV +1)))
((You are camouflaged when in or above water. (Stealth+)))
((You have tentacles for arms and can constrict up to eight enemies at once.))


Message History

HP restored.
A sky beast comes into view.
You see here an adder skeleton.
You see here an adder skeleton.
Casting: Beastly Appendage (safe; 4% risk of failure)
Press: ? - help, Q - select action, (/) - cycle Dir - look around, f - activate One of your tentacles grows a vicious spike.
Unknown command.
Throw: 2 throwing nets
Press: ? - help, Q - select action, (/) - cycle Shift-Dir - straight line, f - sky beast
Aim: a sky beast (46% to hit)
You throw a throwing net.
The throwing net barely misses the sky beast.
The sky beast flickers out of sight!
Deactivating autopickup; reactivate with Ctrl-A.
Throw: throwing net
Press: ? - help, Q - select action, (/) - cycle Shift-Dir - straight line, f - you Really target yourself?
Okay, then.
Casting: Beastly Appendage (safe; 4% risk of failure)
Confirm with . or Enter, or press ? or * to list all spells.
The spell is astonishingly dangerous to miscast (67% risk of failure)!
Continue anyway?
Your tentacle spike disappears.
You turn into a creature of crystalline ice.
Unknown command.
You closely miss something. Something hits you but does no damage.
You miss something. Something hits you. Something shocks you.
You hit something. You freeze something. Something hits you.
Something shocks you.
You hit something. You freeze something. Something hits you but does no damage.
You closely miss something. Something hits you but does no damage.
You closely miss something. Something hits you. Something shocks you.
You closely miss something. Something hits you. Something shocks you.
* * * LOW HITPOINT WARNING * * *
You punch something! You freeze something. Something hits you.
* * * LOW HITPOINT WARNING * * *
Something shocks you.
* * * LOW HITPOINT WARNING * * *
You barely miss something. Something hits you.
You die...

####### #### #.....# ...#
#.###.# ...#####.# #.#
...'..##'###'###############
...#..........#.Y{.รท...(....
...+..........#)#####...##..
...#............# .....>.
...#.....###+#.## ..Y....
...#.##### #...# .......
...#.# #..## ....... ...+.#
#..# ....... ...### #..#
....... #### #..#


There were no monsters in sight!

Vanquished Creatures
  Natasha (D:2)
  A gnoll (D:2)
  3 adders
  3 dart slugs
  2 orcs (D:5)
  2 ball pythons
  10 bats
  10 endoplasms
  4 giant cockroaches
  8 goblins
  A hobgoblin (D:2)
  5 kobolds
  3 frilled lizards
  A goblin skeleton (D:3)
  A hobgoblin zombie (D:3)
  A kobold zombie (D:3)
  An orc skeleton (D:3)
  An orc zombie (D:3)
  5 rats
63 creatures vanquished.

Notes
Turn   | Place    | Note
-------+----------+-------------------------------------------
     0 | D:1      | Mesmaeker13 the Octopode Transmuter began the quest for the
                  | Orb.
     0 | D:1      | Reached XP level 1. HP: 13/13 MP: 3/3
    55 | D:1      | Reached XP level 2. HP: 18/18 MP: 3/5
    59 | D:1      | Learned a level 2 spell: Wereblood
   238 | D:1      | Found a faded altar of an unknown god.
   496 | D:1      | Reached XP level 3. HP: 20/24 MP: 4/6
  1194 | D:2      | Reached XP level 4. HP: 18/29 MP: 5/7
  1370 | D:2      | Noticed Natasha
  1380 | D:2      | Killed Natasha
  1495 | D:2      | Noticed Natasha
  1657 | D:3      | Found a glowing golden altar of the Shining One.
  1834 | D:3      | Found Wuiz's Armour Boutique.
  1842 | D:3      | Reached skill level 4 in Unarmed Combat
  1901 | D:3      | Reached XP level 5. HP: 35/35 MP: 6/8
  1921 | D:3      | Noticed a kobold brigand
  1940 | D:5      | Entered Level 5 of the Dungeon
  2110 | D:5      | Learned a level 4 spell: Ice Form
  2437 | D:5      | Noticed a sky beast
  2454 | D:5      | Slain by a sky beast

Illustrated notes

Levels and vault maps discovered:
D:1:      dpeg_arrival_pond, layout_loops_ring,
          shapermc_ecumenical_altar_starsandcircs
D:2:      layout_basic, serial_curves, eino_curves_01, eino_curves_04,
          eino_curves_04, hex_large, minmay_3d_cube, uniq_natasha
D:3:      layout_rooms, nicolae_tso_besieged_by_evil, serial_shops, shop
D:4:      layout_cave_pools, kennysheep_mini, minmay_temple_entry_waves,
          kennysheep_generic_room_16, uniq_pikel, uniq_robin, uniq_edmund
D:5:      layout_basic, mainiacjoe_overflow_catwalk,
          nicolae_qazlal_style_of_elements

Skill      XL: |  1  2  3  4 |
---------------+-------------+-----
Fighting       | 2 |  2.7
Transmutations | 3 |  3.3
Unarmed Combat | 4 |  4.1
Dodging        | |  2.0
Spellcasting   | |  2.0
Ice Magic      | |  0.2

Action                     |  1- 3 |  4- 6 || total
---------------------------+-------+-------++-------
  Melee: Unarmed           |    85 |    51 ||   136
         Kick              |    23 |    17 ||    40
         Constrict         |    22 |    14 ||    36
         Punch             |     6 |     2 ||     8
         Tentacles         |    10 |     9 ||    19
  Throw: Throwing net      |       |     1 ||     1
   Cast: Beastly Appendage |    24 |    16 ||    40
         Wereblood         |       |     2 ||     2
         Ice Form          |       |     1 ||     1
    Use: Scroll            |       |     2 ||     2
   Stab: Sleeping          |     4 |     2 ||     6
 Armour: Skin              |    10 |     6 ||    16
  Dodge: Dodged            |    56 |    21 ||    77

Table legend: (Time is in decaauts)
 A = Elapsed time spent in this place.
 B = Non-inter-level travel time spent in this place.
 C = Inter-level travel time spent in this place.
 D = Time resting spent in this place.
 E = Time spent auto-exploring this place.
 F = Levels seen in this place.
 G = Mean time per level.
                   A        B        C        D        E       F      G
               +--------+--------+--------+--------+--------+-----+--------+
         Total |   2446 |   2286 |    160 |    571 |   1029 |   5 |  489.2 |
       Dungeon |   2446 |   2286 |    160 |    571 |   1029 |   5 |  489.2 |
               +--------+--------+--------+--------+--------+-----+--------+

Top non-repeatable levels by time:
     D:1: 869 daAuts
     D:2: 859 daAuts
     D:5: 512 daAuts
     D:3: 197 daAuts
     D:4: 7 daAuts
